[Event "Tradewise Gibraltar ChallWk1"]
[Site "Gibraltar"]
[Date "2017.01.24"]
[Round "2.1"]
[White "Renteria, Jorge"]
[Black "Elishev, Ivan"]
[Result "1-0"]
[ECO "B01"]
[WhiteElo "2242"]
[BlackElo "2143"]
[PlyCount "97"]
[EventDate "2017.01.23"]
[EventType "swiss"]
[EventRounds "5"]
[EventCountry "GGB"]
[SourceTitle "BritBase"]
[Source "www.saund.co.uk"]
[SourceDate "2018.02.10"]
[SourceVersion "1"]
[SourceVersionDate "2018.02.10"]
[SourceQuality "1"]
[TimeControl "7200+1245"]
[WhiteClock "0:00:47"]
[BlackClock "0:00:20"]

1. e4 d5 2. exd5 Nf6 3. Bb5+ Bd7 4. Bc4 b5 5. Be2 Nxd5 6. d4 e6 7. Nf3 c5 8.
O-O Qb6 9. Nc3 Nf6 10. Ne5 cxd4 11. Nxd7 Nbxd7 12. Nxb5 e5 13. a4 Rc8 14. a5
Qb8 15. c3 dxc3 16. Nxc3 Bc5 17. Bb5 O-O 18. Qa4 Rfd8 19. Bg5 Bf8 20. Bxd7 Rxd7
21. Bxf6 Rd4 22. Bxe5 Qxe5 23. Rae1 Qd6 24. Qb5 Rb8 25. Qe2 Rd2 26. Qe3 Qd7 27.
Ne4 Rdxb2 28. g3 R2b5 29. Qf4 Re8 30. Ng5 Rf5 31. Qg4 Rxe1 32. Rxe1 Rd5 33.
Qxd7 Rxd7 34. Re8 Rd5 35. Nxh7 Kxh7 36. Rxf8 Kg6 37. Kg2 Rxa5 38. Ra8 Ra2 39.
g4 a5 40. Ra6+ f6 41. h4 Kf7 42. h5 a4 43. Ra7+ Kg8 44. Kg3 a3 45. f3 Ra1 46.
Kf4 a2 47. Kf5 Kh7 48. f4 Rb1 49. Ke4 1-0

[Event "Tradewise Gibraltar ChallWk1"]
[Site "Gibraltar"]
[Date "2017.01.24"]
[Round "2.2"]
[White "Jordan Martinez, Miguel"]
[Black "Meszaros, Andras"]
[Result "0-1"]
[ECO "B27"]
[WhiteElo "2142"]
[BlackElo "2240"]
[PlyCount "174"]
[EventDate "2017.01.23"]
[EventType "swiss"]
[EventRounds "5"]
[EventCountry "GGB"]
[SourceTitle "BritBase"]
[Source "www.saund.co.uk"]
[SourceDate "2018.02.10"]
[SourceVersion "1"]
[SourceVersionDate "2018.02.10"]
[SourceQuality "1"]
[TimeControl "7200+790"]
[WhiteClock "0:00:12"]
[BlackClock "0:02:52"]

1. e4 c5 2. Nf3 g6 3. d4 cxd4 4. Qxd4 Nf6 5. Bb5 Nc6 6. Bxc6 dxc6 7. Qxd8+ Kxd8
8. Nc3 Bg7 9. Be3 Ke8 10. h3 Nd7 11. Bd4 Bxd4 12. Nxd4 e5 13. Nb3 Ke7 14. O-O-O
b6 15. Rd2 Ba6 16. g3 Rad8 17. Rhd1 Nf6 18. Rxd8 Rxd8 19. Rxd8 Kxd8 20. Kd2 Ke7
21. Nc1 Ne8 22. Nd3 f6 23. b3 Nc7 24. Na4 Ne6 25. c3 Ng5 26. Ke3 Bxd3 27. Kxd3
Nxh3 28. Ke3 Ng5 29. Nb2 Ke6 30. Nd3 Nf7 31. c4 Kd6 32. b4 Ke6 33. Nb2 h5 34.
c5 b5 35. a4 a6 36. a5 f5 37. f3 g5 38. Nd3 f4+ 39. Kf2 fxg3+ 40. Kxg3 Nh8 41.
Nf2 Ng6 42. Kh3 Nf4+ 43. Kg3 Kf6 44. Kh2 Ne2 45. Kh3 Nd4 46. Kg3 Ke6 47. Kg2 h4
48. Nd3 h3+ 49. Kxh3 Nxf3 50. Kg4 Nd2 51. Nf2 Kf6 52. Kg3 Kg6 53. Kg4 Nc4 54.
Kf3 Kh5 55. Kg3 Nd2 56. Kh3 Nf3 57. Kg3 Ne1 58. Kh3 Kg6 59. Kg4 Nc2 60. Nd3 Kf6
61. Kf3 Nd4+ 62. Kg3 Ne2+ 63. Kf3 Nf4 64. Nf2 Kg6 65. Kg4 Nh5 66. Nd3 Nf6+ 67.
Kh3 Nd7 68. Kg4 Kf6 69. Kf3 Ke6 70. Nf2 Nf6 71. Kg3 Ke7 72. Kf3 Kf7 73. Nd3 g4+
74. Kg3 Nxe4+ 75. Kxg4 Ke6 76. Ne1 Nd2 77. Kg5 Kd5 78. Kf5 e4 79. Ng2 Nf3 80.
Nf4+ Kd4 81. Ne6+ Kd3 82. Nf4+ Ke3 83. Ng2+ Kf2 84. Nf4 e3 85. Ke6 Nd4+ 86. Ke5
Nc2 87. Kd6 Nxb4 0-1

[Event "Tradewise Gibraltar ChallWk1"]
[Site "Gibraltar"]
[Date "2017.01.24"]
[Round "2.3"]
[White "Vea, Odin Blikra"]
[Black "Jordan Martinez, David"]
[Result "0-1"]
[ECO "C02"]
[WhiteElo "2234"]
[BlackElo "2122"]
[PlyCount "104"]
[EventDate "2017.01.23"]
[EventType "swiss"]
[EventRounds "5"]
[EventCountry "GGB"]
[SourceTitle "BritBase"]
[Source "www.saund.co.uk"]
[SourceDate "2018.02.10"]
[SourceVersion "1"]
[SourceVersionDate "2018.02.10"]
[SourceQuality "1"]
[TimeControl "7200+1435"]
[WhiteClock "0:02:55"]
[BlackClock "0:01:34"]

1. e4 e6 2. d4 d5 3. e5 c5 4. c3 Nc6 5. Nf3 Bd7 6. a3 Nge7 7. Bd3 cxd4 8. cxd4
Nf5 9. Bxf5 exf5 10. Nc3 Be6 11. h4 Rc8 12. h5 Be7 13. Ne2 Qb6 14. Nf4 Na5 15.
b4 Nc4 16. Rh3 O-O 17. Rg3 Kh8 18. Kf1 a5 19. Ng5 Bxg5 20. Rxg5 axb4 21. axb4
Qxb4 22. Rg3 Ra8 23. Rxa8 Rxa8 24. h6 g6 25. Rb3 Qa4 26. Qd3 Qc6 27. Rb1 b6 28.
Qg3 Qd7 29. Qg5 Qd8 30. Nxe6 fxe6 31. Ra1 Na5 32. Qf6+ Qxf6 33. exf6 Kg8 34.
Bf4 Ra7 35. f3 Kf7 36. Be5 g5 37. f4 g4 38. Kf2 Kg6 39. Kg3 Kxh6 40. Bd6 Kg6
41. Kh4 Kxf6 42. Kh5 Kf7 43. Kg5 Rd7 44. Be5 Nc6 45. Rh1 Nxe5 46. fxe5 Kg7 47.
g3 b5 48. Rc1 Rb7 49. Rb1 b4 50. Rb3 h6+ 51. Kf4 Kg6 52. Ke3 Kg5 0-1

[Event "Tradewise Gibraltar ChallWk1"]
[Site "Gibraltar"]
[Date "2017.01.24"]
[Round "2.4"]
[White "Lung, Liviu-Catalin"]
[Black "Damia, Angelo"]
[Result "0-1"]
[ECO "B28"]
[WhiteElo "2090"]
[BlackElo "2233"]
[PlyCount "44"]
[EventDate "2017.01.23"]
[EventType "swiss"]
[EventRounds "5"]
[EventCountry "GGB"]
[SourceTitle "BritBase"]
[Source "www.saund.co.uk"]
[SourceDate "2018.02.10"]
[SourceVersion "1"]
[SourceVersionDate "2018.02.10"]
[SourceQuality "1"]
[TimeControl "7200+1195"]
[WhiteClock "0:45:45"]
[BlackClock "0:44:31"]

1. e4 c5 2. Nf3 a6 3. d4 cxd4 4. Nxd4 Nf6 5. Nc3 e5 6. Nf3 Bb4 7. Bd2 Nc6 8.
Bd3 d6 9. Nd5 Nxd5 10. exd5 Bxd2+ 11. Qxd2 Ne7 12. Qg5 O-O 13. O-O-O h6 14. Qh5
Nxd5 15. Bc4 Nf4 16. Qh4 Be6 17. Bxe6 fxe6 18. Qg4 e4 19. Nd4 Qc8 20. Kb1 e5
21. Qxc8 Raxc8 22. Nb3 Nxg2 0-1

[Event "Tradewise Gibraltar ChallWk1"]
[Site "Gibraltar"]
[Date "2017.01.24"]
[Round "2.5"]
[White "Pinho, Paulo"]
[Black "Korning, Peter"]
[Result "1/2-1/2"]
[ECO "D30"]
[WhiteElo "2220"]
[BlackElo "2080"]
[PlyCount "130"]
[EventDate "2017.01.23"]
[EventType "swiss"]
[EventRounds "5"]
[EventCountry "GGB"]
[SourceTitle "BritBase"]
[Source "www.saund.co.uk"]
[SourceDate "2018.02.10"]
[SourceVersion "1"]
[SourceVersionDate "2018.02.10"]
[SourceQuality "1"]
[TimeControl "7200+1750"]
[WhiteClock "0:01:41"]
[BlackClock "0:00:40"]

1. d4 d5 2. Nf3 c5 3. c4 e6 4. cxd5 exd5 5. g3 Nc6 6. Bg2 Nf6 7. O-O Be7 8.
dxc5 Bxc5 9. a3 Ne4 10. b4 Be7 11. Bb2 O-O 12. Nbd2 Nxd2 13. Qxd2 Be6 14. Rfd1
Bf6 15. Rac1 Bxb2 16. Qxb2 Qb6 17. Rd2 Rad8 18. Rcd1 Rfe8 19. Ng5 h6 20. Nh3
Bxh3 21. Bxh3 a5 22. Bg2 axb4 23. Bxd5 Ra8 24. axb4 Qxb4 25. Qc2 Rac8 26. Qf5
Qf8 27. Rb1 Ne7 28. Qf3 Nxd5 29. Rxd5 Rc2 30. Rxb7 Rcxe2 31. Rf5 R2e7 32. Rb6
Re6 33. Rbb5 g6 34. Rf4 Qg7 35. Kg2 Re5 36. Rb7 R5e7 37. Rb5 Re5 38. Qc6 R5e6
39. Qd7 R6e7 40. Qc6 Re6 41. Qf3 Re5 42. Rb6 R5e6 43. Rb5 Re5 44. Rb3 R5e6 45.
h4 h5 46. Rb5 Re5 47. Rb3 R5e6 48. Rb5 Re5 49. Rxe5 Rxe5 50. Qb3 Qf8 51. Rf6
Qa8+ 52. Kh2 Qd5 53. Qb8+ Kg7 54. Rf4 Re1 55. Qb2+ Qe5 56. Qb3 Qe6 57. Qf3 Rb1
58. Qc3+ Kg8 59. Rc4 Rb8 60. Qd4 Re8 61. Rc7 Qe5 62. Qc4 Qe6 63. Qf4 Re7 64.
Rc5 Kg7 65. Rc2 Qe5 1/2-1/2

[Event "Tradewise Gibraltar ChallWk1"]
[Site "Gibraltar"]
[Date "2017.01.24"]
[Round "2.6"]
[White "Kozarcanin, Sead"]
[Black "Galmandakh, Badrakh"]
[Result "0-1"]
[ECO "A01"]
[WhiteElo "2069"]
[BlackElo "2215"]
[PlyCount "100"]
[EventDate "2017.01.23"]
[EventType "swiss"]
[EventRounds "5"]
[EventCountry "GGB"]
[SourceTitle "BritBase"]
[Source "www.saund.co.uk"]
[SourceDate "2018.02.10"]
[SourceVersion "1"]
[SourceVersionDate "2018.02.10"]
[SourceQuality "1"]
[TimeControl "7200+950"]
[WhiteClock "0:04:16"]
[BlackClock "0:00:47"]

1. b3 e5 2. Bb2 Nc6 3. e3 d5 4. Bb5 Bd6 5. Nf3 Qf6 6. d4 e4 7. Ne5 Nge7 8. c4
O-O 9. cxd5 Nxe5 10. dxe5 Bxe5 11. Bxe5 Qxe5 12. Nd2 Nxd5 13. Bc4 Nf6 14. h3
Rd8 15. Qc1 c6 16. O-O Be6 17. f4 Qc5 18. Re1 Bxc4 19. Nxc4 Rd3 20. Re2 Rad8
21. Ne5 Qxc1+ 22. Rxc1 Rd1+ 23. Rxd1 Rxd1+ 24. Kf2 Kf8 25. Rc2 Ke7 26. b4 Rb1
27. a3 Nd5 28. Nc4 Ra1 29. g4 f6 30. Rd2 g6 31. f5 gxf5 32. gxf5 b5 33. Na5 Kd7
34. Nb7 Rxa3 35. Nc5+ Kc7 36. Nxe4 Nxe3 37. Nxf6 Nxf5 38. Rd7+ Kc8 39. Rxh7 a5
40. bxa5 Rxa5 41. Ne8 b4 42. Rc7+ Kd8 43. Rxc6 Kxe8 44. Rb6 Ra4 45. h4 Kd7 46.
h5 Kc7 47. Rf6 Nd6 48. Ke3 Kc6 49. Kf3 Kc5 50. h6 Kc6 0-1

[Event "Tradewise Gibraltar ChallWk1"]
[Site "Gibraltar"]
[Date "2017.01.24"]
[Round "2.7"]
[White "Ebner, Johann"]
[Black "Madina Yadarola, Martin"]
[Result "0-1"]
[ECO "E73"]
[WhiteElo "2066"]
[BlackElo "2214"]
[PlyCount "110"]
[EventDate "2017.01.23"]
[EventType "swiss"]
[EventRounds "5"]
[EventCountry "GGB"]
[SourceTitle "BritBase"]
[Source "www.saund.co.uk"]
[SourceDate "2018.02.10"]
[SourceVersion "1"]
[SourceVersionDate "2018.02.10"]
[SourceQuality "1"]
[TimeControl "6600+1375"]
[WhiteClock "0:00:35"]
[BlackClock "0:00:22"]

1. d4 Nf6 2. c4 g6 3. Nc3 Bg7 4. e4 d6 5. Be2 O-O 6. Bg5 h6 7. Be3 c6 8. g4 Qa5
9. f3 c5 10. Qd2 cxd4 11. Bxd4 Nc6 12. Be3 h5 13. g5 Nd7 14. Nd1 Qxd2+ 15. Kxd2
Nc5 16. Rb1 a5 17. b3 f5 18. gxf6 Rxf6 19. Nc3 Be6 20. h4 Raf8 21. Nd5 Bxd5 22.
exd5 Ne5 23. Rh3 Kh7 24. Bg5 Bh6 25. Bxh6 Kxh6 26. a3 Rf4 27. Ke3 a4 28. b4 Nb3
29. c5 dxc5 30. bxc5 Nc4+ 31. Bxc4 Rxc4 32. d6 exd6 33. cxd6 Re8+ 34. Kf2 Rc2+
35. Kg3 Nd4 36. Rb4 Rd2 37. Rh2 Rd1 38. Rg2 b5 39. d7 Nf5+ 40. Kh2 Rb8 41. Ne2
Rxd7 42. Ng3 Nd4 43. Rf2 Re8 44. Ne4 Rf8 45. Ng5 Nf5 46. Kh3 Rd4 47. Ne6 Rxb4
48. axb4 Rc8 49. Nc5 Rc6 50. Rd2 Rd6 51. Rf2 Rd4 52. Na6 Rxh4+ 53. Kg2 Rc4 54.
Rb2 Nd4 55. Nc5 Rc2+ 0-1

[Event "Tradewise Gibraltar ChallWk1"]
[Site "Gibraltar"]
[Date "2017.01.25"]
[Round "3.10"]
[White "Kandic, Milan"]
[Black "Osuna Vega, Enrique"]
[Result "1-0"]
[ECO "B07"]
[WhiteElo "2061"]
[BlackElo "2181"]
[PlyCount "109"]
[EventDate "2017.01.23"]
[EventType "swiss"]
[EventRounds "5"]
[EventCountry "GGB"]
[SourceTitle "BritBase"]
[Source "www.saund.co.uk"]
[SourceDate "2018.02.10"]
[SourceVersion "1"]
[SourceVersionDate "2018.02.10"]
[SourceQuality "1"]
[TimeControl "6600+1340"]
[WhiteClock "0:01:29"]
[BlackClock "0:00:33"]

1. e4 d6 2. d4 Nf6 3. f3 e5 4. Be3 Nbd7 5. Nc3 c6 6. Nge2 h5 7. h4 Qa5 8. a4 d5
9. Bd2 dxe4 10. Nxe4 Qc7 11. Ng5 Bd6 12. Bc3 Nb6 13. dxe5 Bxe5 14. Bxe5 Qxe5
15. Qd8+ Kxd8 16. Nxf7+ Kc7 17. Nxe5 Re8 18. Nd3 Bf5 19. b3 Nbd5 20. Kf2 Ne3
21. Nd4 Bh7 22. Re1 Nfd5 23. Nf4 Nxf4 24. Rxe3 Rxe3 25. Kxe3 Rd8 26. g3 Nd5+
27. Kf2 Kb6 28. Bc4 Nc3 29. Ke3 c5 30. Ne6 Rd7 31. Nf8 Nd1+ 32. Rxd1 Rxd1 33.
Nxh7 Rg1 34. Kf4 Rg2 35. Bd3 c4 36. Bxc4 Rxc2 37. Be6 Kc5 38. Ng5 Kd6 39. Bf7
Rb2 40. Ne4+ Ke7 41. Bd5 Rb1 42. Kg5 Rf1 43. f4 Rd1 44. Bxb7 Rd3 45. Kxh5 Rxb3
46. Bc6 Rb6 47. Bb5 a6 48. Bd3 Rb4 49. Kg6 Kf8 50. Nc5 Rb6+ 51. Kg5 Rd6 52. f5
Rd5 53. Ne6+ Ke7 54. Bxa6 g6 55. Kxg6 1-0